 Dungeon Crawl Stone Soup version 0.22-a0-162-g33bf127 (webtiles) character file.

62 vishdafish the Cutter (level 3, 0/29 HPs)
             Began as a Vampire Fighter on Feb 13, 2018.
             Slain by a gnoll
             ... wielding a +0 flail
              (11 damage)
             ... on level 2 of the Dungeon.
             The game lasted 00:01:44 (1052 turns).

vishdafish the Cutter (Vampire Fighter)             Turns: 1052, Time: 00:01:45

Health: 0/29       AC:  0    Str: 15    XL:     3   Next: 85%
Magic:  1/3        EV: 18    Int: 10    God:
Gold:   53         SH:  0    Dex: 19    Spells: 2/2 levels left

rFire    . . .     SeeInvis +   (weapon currently unavailable)
rCold    + . .     Gourm    .   (shield currently unavailable)
rNeg     + + .     Faith    .   (armour currently unavailable)
rPois    +         Spirit   .   (helmet currently unavailable)
rElec    .         Reflect  .   (cloak currently unavailable)
rCorr    .         Harm     .   (gloves currently unavailable)
MR       .....                  (boots currently unavailable)
Stlth    ++++......             (no amulet)
HPRegen  0.04/turn              (ring currently unavailable)
MPRegen  0.08/turn              (ring currently unavailable)

@: bat-form, flying, regenerating slowly, very quick
A: tiny, fangs 3, see invisible
a: End Transformation


You were on level 2 of the Dungeon.
You were thirsty.
You were in vampire-bat-form.
You visited 1 branch of the dungeon, and saw 2 of its levels.

You collected 53 gold pieces.

Inventory:

Hand Weapons
 a - a +0 rapier (melded)
Missiles
 i - a throwing net (quivered)
 l - 4 javelins
Armour
 b - a +0 scale mail (melded)
 c - a +0 shield (melded)
 j - a +1 pair of boots of stealth (melded)
Jewellery
 g - a +3 ring of strength (melded)
Scrolls
 f - 2 scrolls of remove curse {unknown}
Potions
 d - a potion of might
 e - 5 potions of blood
 h - a potion of ambrosia {unknown}
 k - a potion of invisibility {unknown}


   Skills:
 + Level 3.0 Fighting
 * Level 3.1 Short Blades
 + Level 2.6 Armour
 + Level 0.8 Dodging
 * Level 2.3 Stealth
 + Level 3.0 Shields


You had 2 spell levels left.
You didn't know any spells.

Dungeon Overview and Level Annotations

Branches:
Dungeon (2/15)

Altars:


Innate Abilities, Weirdness & Mutations

You heal slowly.
You have razor-sharp teeth.
You have supernaturally acute eyesight. (SInv)
((You can survive without breathing.))


Message History

You hit the gnoll.
The gnoll is severely wounded.
The gnoll hits you but does no damage.
You hit the gnoll but do no damage.
You kill the gnoll!
Your Shields skill increases to level 3!
You are feeling thirsty.
You hit the gnoll but do no damage. You block the gnoll's attack.
You closely miss the gnoll. The gnoll hits you with a flail!
You closely miss the gnoll. The gnoll hits you but does no damage.
You hit the gnoll but do no damage. The gnoll hits you but does no damage.
You turn into a vampire bat.
Your +0 rapier melds into your body.
Your +1 pair of boots of stealth melds into your body.
Your +0 shield melds into your body.
Your +0 scale mail melds into your body.
Your +3 ring of strength melds into your body.
You feel less stealthy.
You feel weaker. The gnoll hits you with a flail!
You die...

#.... ##..#.....##.
#.... #..#....#. #....
#...#..#. .. ##....
#....## ... #...g. ##
##....###... #.....
...###....#..#..
#.....###
.......#....#.
#....#######..##.....#.
####.gb................
#######....#...#.###
#...##..........
#######.########....##
..###.......# ##....#
......####### #.....
#.......##########.....
#..####...............#
#.. ##.....##.....###


You could see a gnoll.

Vanquished Creatures
  2 gnolls (D:2)
  An adder (D:2)
  3 dart slugs
  2 bats
  A giant cockroach (D:1)
  7 goblins (D:1)
  4 hobgoblins (D:1)
  A ball python (D:1)
  A frilled lizard (D:1)
  3 kobolds (D:1)
  3 rats (D:1)
28 creatures vanquished.

Notes
Turn   | Place    | Note
-------+----------+-------------------------------------------
     0 | D:1      | vishdafish the Vampire Fighter began the quest for the Orb.
     0 | D:1      | Reached XP level 1. HP: 17/17 MP: 1/1
   104 | D:1      | Reached XP level 2. HP: 23/23 MP: 2/2
   149 | D:1      | Reached skill level 1 in Stealth
   873 | D:2      | Reached XP level 3. HP: 28/28 MP: 3/3
  1052 | D:2      | Slain by a gnoll

Vault maps used:
D:1:      minmay_arrival_five_plusses
D:2:      minmay_misc_feat_chi

Skill      XL: |  1  2  3 |
---------------+----------+-----
Stealth        | 1 2 |  2.3
Fighting       | 3 |  3.0
Short Blades   | 3 |  3.1
Shields        | 3 |  3.0
Armour         | |  2.6
Dodging        | |  0.8

Action                   || total
-------------------------++-------
Melee: Rapier            ||    79
       Bite              ||    10
 Abil: Bat Form          ||     1
 Stab: Sleeping          ||     2
Armor: Scale mail        ||    25
Dodge: Dodged            ||    18
Block: Shield            ||    34

Table legend:
 A = Spawn XP
 B = Non-spawn XP
 C = Spawn XP percentage of total XP
 D = Spawn monster count
 E = Non-spawn monster count
 F = Spawn count percentage of total count
 G = Total turns spent on level
                    A         B        C        D         E        F      G
               +---------+---------+-------+---------+---------+-------+---------
         Total |       0 |      89 |   0.0 |       0 |      28 |   0.0 |  1052
               +---------+---------+-------+---------+---------+-------+---------
           D:1 |       0 |      37 |   0.0 |       0 |      22 |   0.0 |   869
           D:2 |       0 |      52 |   0.0 |       0 |       6 |   0.0 |   183
               +---------+---------+-------+---------+---------+-------+---------
